Quebec Nordiques vs St.Louis Blues
Created - Saturday, October 12, 2024 at 10:07
Goals
|
| Quebec Nordiques |
0 |
1 |
1 |
2 |
| St.Louis Blues |
1 |
0 |
4 |
5 |
|
Shots
|
| Quebec Nordiques |
7 |
17 |
9 |
33 |
| St.Louis Blues |
12 |
8 |
18 |
38 |
|
1st period
1. St.Louis Blues , Mark Stone 16 (Elias Pettersson 32, Jack Eichel 13) at 2:55
Penalties :
No Penalty
2nd period
2. Quebec Nordiques , Cole Perfetti 10 (J.J. Moser 15, Trevor Zegras 15) at 3:10
Penalties :
Michael McCarron (QUE) for Holding (Minor) at 13:26, Evander Kane (QUE) for High sticking (Minor) at 15:46
3rd period
3. St.Louis Blues , Robert Thomas 18 (Jake Guentzel 33) at 0:34
4. Quebec Nordiques , Juuso Valimaki 3 (Cole Perfetti 9, Marco Rossi 14) at 4:30
5. St.Louis Blues , Elias Pettersson 20 (Jack Eichel 14) at 11:51
6. St.Louis Blues , Jake Guentzel 20 (Jack Eichel 15, Connor Hellebuyck) at 14:33 (PP)
7. St.Louis Blues , Mark Stone 17 (Jack Eichel 16) at 17:07
Penalties :
Jordan Greenway (QUE) for High sticking (Minor) at 1:55, Evander Kane (QUE) for Holding (Minor) at 13:58, Evander Kane (QUE) for Holding (Minor) at 19:37
Goalie Stats
John Gibson (QUE), 33 saves from 38 shots - (0.868), L, 3-12-4, 60:00 minutes
Connor Hellebuyck (STL), 31 saves from 33 shots - (0.939), W, 15-8-3, 60:00 minutes
Players Stats for Quebec Nordiques
Player Name G A P +/- PIM S H SB GA TA FO MP PP MP PK MP
------------------------------------------------------------------------------------
Anthony Duclair 0 0 0 0 0 3 0 1 1 0 0/2 15:00 0:00 0:00
Barrett Hayton 0 0 0 -2 0 2 2 1 1 0 2/10 15:42 0:00 1:34
Cole Perfetti 1 1 2 1 0 4 1 0 0 0 1/2 15:39 0:00 0:00
Eetu Luostarinen 0 0 0 -2 0 3 2 1 1 0 2/2 17:46 0:00 3:27
Evander Kane 0 0 0 0 6 1 1 0 0 1 0/1 15:41 0:00 0:00
J.J. Moser 0 1 1 0 0 2 2 4 0 0 0/0 23:24 0:00 3:41
Jonas Siegenthaler 0 0 0 1 0 0 0 3 0 0 0/0 19:41 0:00 3:13
Jordan Greenway 0 0 0 -1 2 0 5 0 0 0 0/0 10:01 0:00 2:01
Justin Holl 0 0 0 -3 0 1 4 1 0 1 0/0 16:27 0:00 0:00
Juuso Valimaki 1 0 1 1 0 1 2 1 0 1 0/0 16:43 0:00 0:00
Kirby Dach 0 0 0 -2 0 0 0 2 1 0 0/1 14:35 0:00 0:00
Marc Staal 0 0 0 -3 0 0 0 1 0 0 0/0 19:47 0:00 3:13
Marco Rossi 0 1 1 1 0 4 2 0 1 1 5/12 15:54 0:00 0:00
Michael Anderson 0 0 0 0 0 3 1 0 1 0 0/0 22:56 0:00 3:41
Michael McCarron 0 0 0 -1 2 1 0 1 0 0 1/6 10:12 0:00 2:24
Ryan Poehling 0 0 0 -1 0 4 1 1 0 0 5/6 11:08 0:00 3:16
Shane Pinto 0 0 0 0 0 1 1 0 1 0 9/23 15:44 0:00 0:00
Trevor Zegras 0 1 1 1 0 3 1 1 0 0 2/2 16:41 0:00 1:06
Players Stats for St.Louis Blues
Player Name G A P +/- PIM S H SB GA TA FO MP PP MP PK MP
------------------------------------------------------------------------------------
Alex Pietrangelo 0 0 0 1 0 2 1 0 0 1 0/0 28:46 2:24 0:00
Alex Tuch 0 0 0 -1 0 3 2 0 0 0 0/0 18:02 2:24 0:00
Claude Giroux 0 0 0 -1 0 2 1 1 1 0 9/14 18:18 4:30 0:00
Colton Parayko 0 0 0 1 0 1 1 1 0 2 0/0 24:49 0:00 0:00
Dakota Joshua 0 0 0 0 0 0 1 0 0 0 0/0 6:22 0:00 0:00
Elias Lindholm 0 0 0 -1 0 2 1 0 0 1 1/2 16:27 2:40 0:00
Elias Pettersson 1 1 2 2 0 5 2 0 2 1 2/2 23:41 4:14 0:00
Jaccob Slavin 0 0 0 2 0 1 1 1 0 0 0/0 16:58 0:00 0:00
Jack Eichel 0 4 4 2 0 3 1 0 0 0 21/30 23:48 4:30 0:00
Jake Guentzel 1 1 2 1 0 4 2 0 0 0 0/0 18:02 4:14 0:00
Jake Sanderson 0 0 0 1 0 0 2 1 0 0 0/0 18:26 0:00 0:00
Lars Eller 0 0 0 0 0 1 0 0 0 0 1/3 6:30 0:00 0:00
Logan O'Connor 0 0 0 0 0 0 1 0 0 0 0/0 6:27 0:00 0:00
Mark Stone 2 0 2 2 0 7 3 0 0 0 0/1 21:54 2:40 0:00
Mikhail Sergachev 0 0 0 0 0 0 0 2 0 2 0/0 5:54 0:00 0:00
Nick Leddy 0 0 0 -1 0 0 1 1 1 0 0/0 10:52 0:00 0:00
Robert Thomas 1 0 1 1 0 7 2 0 0 0 6/15 18:02 4:14 0:00
Tage Thompson 0 0 0 1 0 0 3 0 0 0 0/0 16:42 2:40 0:00
3 Stars
1 - Mark Stone (STL)
2 - Jack Eichel (STL)
3 - Elias Pettersson (STL)
Power Play
Quebec Nordiques - 0 on 0 Attempt(s) - 0.00%
St.Louis Blues - 1 on 5 Attempt(s) - 20.00%
Penalty Kill
Quebec Nordiques - 4 on 5 Attempt(s) - 80.00%
- Score 0 goal in Penalty Kill
St.Louis Blues - 0 on 0 Attempt(s) - 0.00%
- Score 0 goal in Penalty Kill
Team Stat
Quebec Nordiques - Hits : 25 - Faceoff Wins : 27 - Blocked Shots : 18 - Penalty Minutes : 10
St.Louis Blues - Hits : 25 - Faceoff Wins : 40 - Blocked Shots : 7 - Penalty Minutes : 0
Official
Referees : Morgan Macphee and Ian Walsh
Linesman : Travis Toomey and Justin Johnson
Game Notes
Mikhail Sergachev is injured at 4:03 of 2nd period (Strained Right Knee)
Anthony Duclair is injured at 17:34 of 3rd period (Strained Left Elbow)
Finance
Level 1 -- Attendance: 5174 (86.23%) -- Ticket Income $501,878
Level 2 -- Attendance: 4232 (84.64%) -- Ticket Income $241,224
Level 3 -- Attendance: 2294 (76.47%) -- Ticket Income $77,996
Level 4 -- Attendance: 4450 (89.00%) -- Ticket Income $102,350
Luxury Box -- Attendance: 847 (84.70%) -- Ticket Income $164,318
Game was played at the Scottrade Center.
Total Attendance: 16997 (84.99%)
Total Ticket Income: $1,087,766
Other Income: $380,718
Total Income: $1,468,484
Quebec Nordiques
5 vs 5 Forward
Center Left Wing Right Wing Time % Phy DF OF
1 Shane Pinto Evander Kane Anthony Duclair 30 1 1 3
2 Marco Rossi Trevor Zegras Cole Perfetti 30 1 1 3
3 Barrett Hayton Eetu Luostarinen Kirby Dach 25 1 1 3
4 Michael McCarron Ryan Poehling Jordan Greenway 15 1 3 1
5 vs 5 Defense
Defense Defense Time % Phy DF OF
1 J.J. Moser Michael Anderson 30 1 3 1
2 Jonas Siegenthaler Juuso Valimaki 30 1 3 1
3 Marc Staal Justin Holl 30 1 3 1
4 J.J. Moser Michael Anderson 10 1 3 1
PowerPlay Forward
Center Left Wing Right Wing Time % Phy DF OF
1 Shane Pinto Evander Kane Anthony Duclair 50 1 0 4
2 Marco Rossi Trevor Zegras Cole Perfetti 50 1 0 4
PowerPlay Defense
Defense Defense Time % Phy DF OF
1 J.J. Moser Juuso Valimaki 50 1 3 1
2 Michael Anderson Jonas Siegenthaler 50 1 3 1
Penalty Kill 4 Players Forward
Center Wing Time % Phy DF OF
1 Ryan Poehling Jordan Greenway 50 1 2 2
2 Michael McCarron Eetu Luostarinen 50 1 2 2
Penalty Kill 4 Players Defense
Defense Defense Time % Phy DF OF
1 J.J. Moser Michael Anderson 50 1 2 2
2 Jonas Siegenthaler Marc Staal 50 1 2 2
Penalty Kill - 3 Players Forward
Forward Time % Phy DF OF
1 Michael McCarron 50 1 2 2
2 Ryan Poehling 50 1 2 2
Penalty Kill - 3 Players Defense
Defense Defense Time % Phy DF OF
1 J.J. Moser Michael Anderson 50 1 2 2
2 Jonas Siegenthaler Juuso Valimaki 50 1 2 2
4 vs 4 Forward
Center Wing Time % Phy DF OF
1 Shane Pinto Trevor Zegras 50 1 2 2
2 Marco Rossi Cole Perfetti 50 1 2 2
4 vs 4 Defense
Defense Defense Time % Phy DF OF
1 J.J. Moser Michael Anderson 50 1 2 2
2 Jonas Siegenthaler Juuso Valimaki 50 1 2 2
Last Minutes Offensive
Center Left Wing Right Wing Defense Defense
Shane Pinto Evander Kane Anthony Duclair J.J. Moser Michael Anderson
Last Minutes Defensive
Center Left Wing Right Wing Defense Defense
Ryan Poehling Eetu Luostarinen Jordan Greenway J.J. Moser Michael Anderson
Goaltenders
Starting : John Gibson
Backup : Lukas Dostal
Extra Forwards
Normal : Marco Rossi, Kirby Dach, Barrett Hayton - PP : Marco Rossi, Kirby Dach - PK : Barrett Hayton
Extra Defensemen
Normal : Jonas Siegenthaler, Marc Staal, J.J. Moser - PP : Jonas Siegenthaler - PK : Juuso Valimaki, Jonas Siegenthaler
Penalty Shots
Trevor Zegras, Kirby Dach, Anthony Duclair, Barrett Hayton, Evander Kane
Scratches
Alexander Alexeyev (Healthy), Connor Brown (Healthy)
St.Louis Blues
5 vs 5 Forward
Center Left Wing Right Wing Time % Phy DF OF
1 Jack Eichel Elias Pettersson Mark Stone 40 0 2 3
2 Robert Thomas Jake Guentzel Tage Thompson 30 0 2 3
3 Claude Giroux Alex Tuch Elias Lindholm 25 0 3 2
4 Lars Eller Dakota Joshua Logan O'Connor 5 2 2 1
5 vs 5 Defense
Defense Defense Time % Phy DF OF
1 Colton Parayko Alex Pietrangelo 45 1 2 2
2 Jake Sanderson Jaccob Slavin 35 1 2 2
3 Mikhail Sergachev Nick Leddy 20 1 2 2
4 Nick Leddy Colton Parayko 0 1 2 2
PowerPlay Forward
Center Left Wing Right Wing Time % Phy DF OF
1 Robert Thomas Elias Pettersson Jake Guentzel 60 1 0 4
2 Elias Lindholm Tage Thompson Mark Stone 40 1 0 4
PowerPlay Defense
Defense Defense Time % Phy DF OF
1 Jack Eichel Claude Giroux 60 0 1 4
2 Alex Tuch Alex Pietrangelo 40 0 1 4
Penalty Kill 4 Players Forward
Center Wing Time % Phy DF OF
1 Lars Eller Logan O'Connor 50 1 4 0
2 Elias Lindholm Dakota Joshua 50 1 4 0
Penalty Kill 4 Players Defense
Defense Defense Time % Phy DF OF
1 Jake Sanderson Colton Parayko 50 1 4 0
2 Jaccob Slavin Nick Leddy 50 1 4 0
Penalty Kill - 3 Players Forward
Forward Time % Phy DF OF
1 Elias Lindholm 50 0 5 0
2 Lars Eller 50 0 5 0
Penalty Kill - 3 Players Defense
Defense Defense Time % Phy DF OF
1 Jake Sanderson Colton Parayko 50 0 5 0
2 Nick Leddy Jaccob Slavin 50 0 5 0
4 vs 4 Forward
Center Wing Time % Phy DF OF
1 Jack Eichel Elias Pettersson 50 0 2 3
2 Robert Thomas Jake Guentzel 50 0 2 3
4 vs 4 Defense
Defense Defense Time % Phy DF OF
1 Jake Sanderson Alex Pietrangelo 50 1 2 2
2 Colton Parayko Jaccob Slavin 50 1 2 2
Last Minutes Offensive
Center Left Wing Right Wing Defense Defense
Robert Thomas Elias Pettersson Jake Guentzel Jack Eichel Claude Giroux
Last Minutes Defensive
Center Left Wing Right Wing Defense Defense
Lars Eller Logan O'Connor Elias Lindholm Jake Sanderson Colton Parayko
Goaltenders
Starting : Connor Hellebuyck
Backup : Scott Wedgewood
Extra Forwards
Normal : Robert Thomas, Jake Guentzel, Tage Thompson - PP : Mark Stone, Dakota Joshua - PK : Robert Thomas
Extra Defensemen
Normal : Jake Sanderson, Colton Parayko, Jaccob Slavin - PP : Mikhail Sergachev - PK : Jaccob Slavin, Colton Parayko
Penalty Shots
Elias Pettersson, Tage Thompson, Alex Tuch, Jack Eichel, Jake Guentzel
Scratches
Yanni Gourde (Healthy), Colin Blackwell (Healthy), Adam Pelech (Healthy)
% Time on Ice - Quebec Nordiques
Lines # - Real PCT - Wanted PCT - Time Play
Normal Forward
1 - 30% - 30% - 15:45
2 - 30% - 30% - 15:41
3 - 27% - 25% - 14:07
4 - 14% - 15% - 7:33
Normal Defense
1 - 30% - 30% - 15:55
2 - 32% - 30% - 16:57
3 - 30% - 30% - 16:05
4 - 8% - 10% - 4:09
PP Forward
1 - 0% - 50%
2 - 0% - 50%
PP Defense
1 - 0% - 50%
2 - 0% - 50%
PK Forward
1 - 47% - 50% - 3:16
2 - 53% - 50% - 3:38
PK Defense
1 - 53% - 50% - 3:41
2 - 47% - 50% - 3:13
PK3 Forward
1 - 0% - 50%
2 - 0% - 50%
PK3 Defense
1 - 0% - 50%
2 - 0% - 50%
44 Forward
1 - 0% - 50%
2 - 0% - 50%
44 Defense
1 - 0% - 50%
2 - 0% - 50%
Last Minute Offensive - 0:00
Last Minute Defensive - 0:00
Total
Forward - 60:00
Defense - 60:00
|
% Time on Ice - St.Louis Blues
Lines # - Real PCT - Wanted PCT - Time Play
Normal Forward
1 - 35% - 40% - 18:44
2 - 27% - 30% - 14:13
3 - 26% - 25% - 13:58
4 - 12% - 5% - 6:11
Normal Defense
1 - 45% - 45% - 23:57
2 - 33% - 35% - 17:26
3 - 22% - 20% - 11:43
4 - 0% - 0% - 0:00
PP Forward
1 - 61% - 60% - 4:14
2 - 39% - 40% - 2:40
PP Defense
1 - 65% - 60% - 4:30
2 - 35% - 40% - 2:24
PK Forward
1 - 0% - 50%
2 - 0% - 50%
PK Defense
1 - 0% - 50%
2 - 0% - 50%
PK3 Forward
1 - 0% - 50%
2 - 0% - 50%
PK3 Defense
1 - 0% - 50%
2 - 0% - 50%
44 Forward
1 - 0% - 50%
2 - 0% - 50%
44 Defense
1 - 0% - 50%
2 - 0% - 50%
Last Minute Offensive - 0:00
Last Minute Defensive - 0:00
Total
Forward - 60:00
Defense - 60:00
|
Play-by-Play
1st period
0:01 of 1st period - Shane Pinto wins face-off versus Jack Eichel in neutral zone.
0:52 of 1st period - Wrist shot by Alex Tuch.
0:52 of 1st period - Stopped by John Gibson without a rebound.
0:53 of 1st period - Claude Giroux wins face-off versus Michael McCarron in Quebec Nordiques zone.
0:54 of 1st period - Wrist shot by Alex Tuch.
0:54 of 1st period - Stopped by John Gibson with a rebound.
0:56 of 1st period - Slapshot by Jaccob Slavin.
0:56 of 1st period - Stopped by John Gibson with a rebound.
2:19 of 1st period - Evander Kane is hit by Alex Tuch and loses puck.
2:26 of 1st period - Snap shot by Elias Lindholm.
2:26 of 1st period - Shot Blocked by Juuso Valimaki.
2:37 of 1st period - Off-side.
2:38 of 1st period - Marco Rossi wins face-off versus Jack Eichel in neutral zone.
2:41 of 1st period - Snap shot by Marco Rossi.
2:41 of 1st period - Stopped by Connor Hellebuyck with a rebound.
2:53 of 1st period - Slapshot by Elias Pettersson.
2:53 of 1st period - Shot Blocked by Justin Holl.
2:55 of 1st period - Snap shot by Mark Stone.
2:55 of 1st period - Goal by Mark Stone - Quebec Nordiques : 0 - St.Louis Blues : 1.
2:56 of 1st period - Eetu Luostarinen wins face-off versus Robert Thomas in neutral zone.
3:35 of 1st period - Off-side.
3:36 of 1st period - Claude Giroux wins face-off versus Michael McCarron in neutral zone.
3:48 of 1st period - Snap shot by Ryan Poehling.
3:48 of 1st period - Stopped by Connor Hellebuyck without a rebound.
3:49 of 1st period - Jack Eichel wins face-off versus Marco Rossi in St.Louis Blues zone.
3:49 of 1st period - Jack Eichel is hit by Marco Rossi.
3:55 of 1st period - J.J. Moser is hit by Jake Sanderson and loses puck.
4:06 of 1st period - Snap shot by Elias Pettersson.
4:06 of 1st period - Stopped by John Gibson with a rebound.
4:58 of 1st period - Elias Lindholm is hit by Justin Holl and loses puck.
5:07 of 1st period - Snap shot by Anthony Duclair.
5:07 of 1st period - Stopped by Connor Hellebuyck with a rebound.
5:27 of 1st period - Alex Tuch is hit by Cole Perfetti and loses puck.
5:40 of 1st period - Colton Parayko is hit by Eetu Luostarinen and loses puck.
5:57 of 1st period - Snap shot by Jake Guentzel.
5:57 of 1st period - Deflect By Michael McCarron.
5:57 of 1st period - Stopped by John Gibson with a rebound.
6:03 of 1st period - Wrist shot by Jake Guentzel.
6:03 of 1st period - Shot Blocked by J.J. Moser.
6:05 of 1st period - Backhand shot by Tage Thompson.
6:05 of 1st period - Shot Blocked by Michael McCarron.
6:17 of 1st period - Snap shot by Evander Kane.
6:17 of 1st period - Deflect By Shane Pinto.
6:17 of 1st period - Shot Misses the Net.
6:17 of 1st period - Puck is out of play.
6:18 of 1st period - Jack Eichel wins face-off versus Shane Pinto in St.Louis Blues zone.
6:27 of 1st period - Slapshot by Shane Pinto.
6:27 of 1st period - Deflect By Anthony Duclair.
6:27 of 1st period - Shot Hit the Post.
6:27 of 1st period - Puck is out of play.
6:28 of 1st period - Jack Eichel wins face-off versus Marco Rossi in St.Louis Blues zone.
6:37 of 1st period - Snap shot by Elias Pettersson.
6:37 of 1st period - Deflect By Mark Stone.
6:37 of 1st period - Stopped by John Gibson with a rebound.
8:03 of 1st period - Snap shot by Trevor Zegras.
8:03 of 1st period - Shot Blocked by Jake Sanderson.
8:19 of 1st period - Slapshot by Mark Stone.
8:19 of 1st period - Shot Misses the Net.
8:34 of 1st period - Off-side.
8:35 of 1st period - Robert Thomas wins face-off versus Barrett Hayton in neutral zone.
8:44 of 1st period - Robert Thomas is hit by Juuso Valimaki and loses puck.
8:57 of 1st period - Eetu Luostarinen is hit by Robert Thomas and loses puck.
10:23 of 1st period - Snap shot by Jake Guentzel.
10:23 of 1st period - Stopped by John Gibson with a rebound.
10:31 of 1st period - Mikhail Sergachev is hit by Eetu Luostarinen and loses puck.
11:14 of 1st period - Wrist shot by Kirby Dach.
11:14 of 1st period - Deflect By Eetu Luostarinen.
11:14 of 1st period - Stopped by Connor Hellebuyck without a rebound.
11:15 of 1st period - Claude Giroux wins face-off versus Shane Pinto in St.Louis Blues zone.
12:02 of 1st period - Alex Tuch is hit by Evander Kane and loses puck.
12:39 of 1st period - Cole Perfetti is hit by Logan O'Connor and loses puck.
13:26 of 1st period - Claude Giroux is hit by Jordan Greenway and loses puck.
13:54 of 1st period - Michael McCarron is hit by Colton Parayko.
14:04 of 1st period - Alex Pietrangelo is hit by Jordan Greenway and loses puck.
15:03 of 1st period - Jack Eichel is hit by Ryan Poehling and loses puck.
16:15 of 1st period - Icing by Jordan Greenway.
16:16 of 1st period - Eetu Luostarinen wins face-off versus Robert Thomas in Quebec Nordiques zone.
16:24 of 1st period - Icing by Mikhail Sergachev.
16:25 of 1st period - Shane Pinto wins face-off versus Robert Thomas in St.Louis Blues zone.
16:30 of 1st period - Slapshot by Trevor Zegras.
16:30 of 1st period - Shot Blocked by Mikhail Sergachev.
16:32 of 1st period - Slapshot by Marc Staal.
16:32 of 1st period - Shot Misses the Net.
16:34 of 1st period - Slapshot by Marco Rossi.
16:34 of 1st period - Stopped by Connor Hellebuyck without a rebound.
16:35 of 1st period - Trevor Zegras wins face-off versus Jack Eichel in St.Louis Blues zone.
16:40 of 1st period - Slapshot by Cole Perfetti.
16:40 of 1st period - Deflect By Marco Rossi.
16:40 of 1st period - Stopped by Connor Hellebuyck with a rebound.
16:44 of 1st period - Snap shot by Trevor Zegras.
16:44 of 1st period - Stopped by Connor Hellebuyck without a rebound.
16:45 of 1st period - Shane Pinto wins face-off versus Jack Eichel in St.Louis Blues zone.
16:58 of 1st period - Snap shot by Elias Pettersson.
16:58 of 1st period - Shot Misses the Net.
17:00 of 1st period - Snap shot by Mark Stone.
17:00 of 1st period - Stopped by John Gibson with a rebound.
17:18 of 1st period - Slapshot by Elias Pettersson.
17:18 of 1st period - Deflect By Jack Eichel.
17:18 of 1st period - Shot Blocked by J.J. Moser.
17:18 of 1st period - Puck is out of play.
17:19 of 1st period - Claude Giroux wins face-off versus Barrett Hayton in Quebec Nordiques zone.
17:36 of 1st period - Slapshot by Elias Lindholm.
17:36 of 1st period - Stopped by John Gibson with a rebound.
18:10 of 1st period - Snap shot by Robert Thomas.
18:10 of 1st period - Stopped by John Gibson with a rebound.
18:12 of 1st period - Snap shot by Colton Parayko.
18:12 of 1st period - Stopped by John Gibson without a rebound.
18:13 of 1st period - Jack Eichel wins face-off versus Shane Pinto in Quebec Nordiques zone.
18:57 of 1st period - Off-side.
18:58 of 1st period - Ryan Poehling wins face-off versus Claude Giroux in neutral zone.
19:09 of 1st period - Wrist shot by Jordan Greenway.
19:09 of 1st period - Shot Blocked by Colton Parayko.
19:25 of 1st period - Justin Holl is hit by Jake Guentzel and loses puck.
Goals for this period are 0 for Quebec Nordiques vs 1 for St.Louis Blues.
Shots for this period are 7 for Quebec Nordiques vs 12 for St.Louis Blues.
2nd period
0:01 of 2nd period - Jack Eichel wins face-off versus Shane Pinto in neutral zone.
0:39 of 2nd period - Snap shot by Eetu Luostarinen.
0:39 of 2nd period - Stopped by Connor Hellebuyck with a rebound.
0:41 of 2nd period - Wrist shot by Barrett Hayton.
0:41 of 2nd period - Shot Misses the Net.
1:01 of 2nd period - Snap shot by Robert Thomas.
1:01 of 2nd period - Shot Misses the Net.
1:03 of 2nd period - Wrist shot by Alex Pietrangelo.
1:03 of 2nd period - Deflect By Jake Guentzel.
1:03 of 2nd period - Shot Misses the Net.
1:03 of 2nd period - Puck is out of play.
1:04 of 2nd period - Jack Eichel wins face-off versus Shane Pinto in Quebec Nordiques zone.
1:55 of 2nd period - Snap shot by Marco Rossi.
1:55 of 2nd period - Stopped by Connor Hellebuyck without a rebound.
1:56 of 2nd period - Claude Giroux wins face-off versus Marco Rossi in St.Louis Blues zone.
2:17 of 2nd period - Claude Giroux is hit by Trevor Zegras and loses puck.
2:30 of 2nd period - Elias Lindholm is hit by Marco Rossi and loses puck.
2:47 of 2nd period - Snap shot by Cole Perfetti.
2:47 of 2nd period - Shot Misses the Net.
2:49 of 2nd period - Slapshot by Michael Anderson.
2:49 of 2nd period - Shot Blocked by Claude Giroux.
2:51 of 2nd period - Wrist shot by Cole Perfetti.
2:51 of 2nd period - Shot Misses the Net.
3:06 of 2nd period - Snap shot by Trevor Zegras.
3:06 of 2nd period - Stopped by Connor Hellebuyck with a rebound.
3:10 of 2nd period - Snap shot by Cole Perfetti.
3:10 of 2nd period - Goal by Cole Perfetti - Quebec Nordiques : 1 - St.Louis Blues : 1.
3:11 of 2nd period - Shane Pinto wins face-off versus Jack Eichel in neutral zone.
3:36 of 2nd period - Jonas Siegenthaler is hit by Tage Thompson and loses puck.
3:47 of 2nd period - Wrist shot by Jake Guentzel.
3:47 of 2nd period - Shot Misses the Net.
4:01 of 2nd period - Wrist shot by Ryan Poehling.
4:01 of 2nd period - Stopped by Connor Hellebuyck with a rebound.
4:03 of 2nd period - Wrist shot by Justin Holl.
4:03 of 2nd period - Shot Blocked by Mikhail Sergachev.
4:03 of 2nd period - Mikhail Sergachev from St.Louis Blues is injured at 4:03 of 2nd period (Strained Right Knee).
4:04 of 2nd period - Jack Eichel wins face-off versus Shane Pinto in St.Louis Blues zone.
4:17 of 2nd period - Wrist shot by Elias Pettersson.
4:17 of 2nd period - Stopped by John Gibson with a rebound.
4:54 of 2nd period - Alex Tuch is hit by Michael Anderson and loses puck.
5:05 of 2nd period - Wrist shot by Claude Giroux.
5:05 of 2nd period - Shot Blocked by Kirby Dach.
5:25 of 2nd period - Snap shot by Logan O'Connor.
5:25 of 2nd period - Shot Misses the Net.
5:39 of 2nd period - Marco Rossi is hit by Jack Eichel and loses puck.
6:03 of 2nd period - Wrist shot by Jordan Greenway.
6:03 of 2nd period - Shot Misses the Net.
6:05 of 2nd period - Snap shot by Ryan Poehling.
6:05 of 2nd period - Stopped by Connor Hellebuyck with a rebound.
6:07 of 2nd period - Slapshot by Juuso Valimaki.
6:07 of 2nd period - Shot Misses the Net.
6:09 of 2nd period - Slapshot by Juuso Valimaki.
6:09 of 2nd period - Deflect By Michael McCarron.
6:09 of 2nd period - Shot Misses the Net.
6:09 of 2nd period - Puck is out of play.
6:10 of 2nd period - Shane Pinto wins face-off versus Claude Giroux in St.Louis Blues zone.
6:11 of 2nd period - Snap shot by Anthony Duclair.
6:11 of 2nd period - Deflect By Shane Pinto.
6:11 of 2nd period - Shot Misses the Net.
6:11 of 2nd period - Puck is out of play.
6:12 of 2nd period - Shane Pinto wins face-off versus Claude Giroux in St.Louis Blues zone.
6:17 of 2nd period - Snap shot by Shane Pinto.
6:17 of 2nd period - Shot Misses the Net.
6:21 of 2nd period - Slapshot by Anthony Duclair.
6:21 of 2nd period - Stopped by Connor Hellebuyck without a rebound.
6:22 of 2nd period - Shane Pinto wins face-off versus Jack Eichel in St.Louis Blues zone.
6:28 of 2nd period - Off-side.
6:29 of 2nd period - Shane Pinto wins face-off versus Jack Eichel in neutral zone.
6:36 of 2nd period - Snap shot by Shane Pinto.
6:36 of 2nd period - Stopped by Connor Hellebuyck with a rebound.
6:44 of 2nd period - Wrist shot by Elias Pettersson.
6:44 of 2nd period - Shot Misses the Net.
6:46 of 2nd period - Slapshot by Elias Pettersson.
6:46 of 2nd period - Shot Misses the Net.
6:48 of 2nd period - Slapshot by Alex Pietrangelo.
6:48 of 2nd period - Shot Blocked by J.J. Moser.
6:50 of 2nd period - Snap shot by Elias Pettersson.
6:50 of 2nd period - Stopped by John Gibson with a rebound.
6:52 of 2nd period - Slapshot by Alex Pietrangelo.
6:52 of 2nd period - Shot Blocked by Anthony Duclair.
6:54 of 2nd period - Wrist shot by Jack Eichel.
6:54 of 2nd period - Shot Blocked by J.J. Moser.
6:56 of 2nd period - Slapshot by Alex Pietrangelo.
6:56 of 2nd period - Deflect By Mark Stone.
6:56 of 2nd period - Stopped by John Gibson without a rebound.
6:57 of 2nd period - Robert Thomas wins face-off versus Barrett Hayton in Quebec Nordiques zone.
7:08 of 2nd period - Robert Thomas is hit by Barrett Hayton and loses puck.
7:35 of 2nd period - Cole Perfetti is hit by Alex Tuch and loses puck.
8:26 of 2nd period - Snap shot by Dakota Joshua.
8:26 of 2nd period - Shot Misses the Net.
8:38 of 2nd period - Wrist shot by Robert Thomas.
8:38 of 2nd period - Shot Misses the Net.
8:40 of 2nd period - Slapshot by Nick Leddy.
8:40 of 2nd period - Shot Misses the Net.
8:56 of 2nd period - Evander Kane is hit by Nick Leddy and loses puck.
9:10 of 2nd period - Anthony Duclair is hit by Jaccob Slavin and loses puck.
9:28 of 2nd period - Icing by Jack Eichel.
9:29 of 2nd period - Jack Eichel wins face-off versus Barrett Hayton in St.Louis Blues zone.
9:33 of 2nd period - Icing by Jack Eichel.
9:34 of 2nd period - Elias Pettersson wins face-off versus Kirby Dach in St.Louis Blues zone.
9:39 of 2nd period - Snap shot by Barrett Hayton.
9:39 of 2nd period - Stopped by Connor Hellebuyck without a rebound.
9:40 of 2nd period - Jack Eichel wins face-off versus Shane Pinto in St.Louis Blues zone.
10:07 of 2nd period - Michael Anderson is hit by Jake Guentzel and loses puck.
10:18 of 2nd period - Jake Guentzel is hit by J.J. Moser and loses puck.
10:33 of 2nd period - Snap shot by Cole Perfetti.
10:33 of 2nd period - Stopped by Connor Hellebuyck with a rebound.
10:53 of 2nd period - Wrist shot by Elias Pettersson.
10:53 of 2nd period - Shot Misses the Net.
10:59 of 2nd period - Wrist shot by Elias Pettersson.
10:59 of 2nd period - Shot Misses the Net.
11:01 of 2nd period - Slapshot by Mark Stone.
11:01 of 2nd period - Stopped by John Gibson without a rebound.
11:02 of 2nd period - Barrett Hayton wins face-off versus Jack Eichel in Quebec Nordiques zone.
12:16 of 2nd period - Snap shot by Michael Anderson.
12:16 of 2nd period - Stopped by Connor Hellebuyck without a rebound.
12:17 of 2nd period - Jack Eichel wins face-off versus Shane Pinto in St.Louis Blues zone.
12:30 of 2nd period - Slapshot by Mark Stone.
12:30 of 2nd period - Stopped by John Gibson with a rebound.
12:32 of 2nd period - Snap shot by Jack Eichel.
12:32 of 2nd period - Stopped by John Gibson without a rebound.
12:33 of 2nd period - Robert Thomas wins face-off versus Barrett Hayton in Quebec Nordiques zone.
12:42 of 2nd period - Wrist shot by Robert Thomas.
12:42 of 2nd period - Shot Misses the Net.
12:58 of 2nd period - Justin Holl is hit by Mark Stone and loses puck.
13:26 of 2nd period - Minor Penalty to Michael McCarron for Holding.
13:27 of 2nd period - Ryan Poehling wins face-off versus Robert Thomas in Quebec Nordiques zone.
15:21 of 2nd period - Icing by Alex Tuch.
15:22 of 2nd period - Trevor Zegras wins face-off versus Elias Lindholm in St.Louis Blues zone.
15:26 of 2nd period - Penalty to Michael McCarron is over, Michael McCarron is back on ice.
15:33 of 2nd period - Slapshot by Alex Tuch.
15:33 of 2nd period - Deflect By Anthony Duclair.
15:33 of 2nd period - Stopped by John Gibson with a rebound.
15:35 of 2nd period - Wrist shot by Dakota Joshua.
15:35 of 2nd period - Shot Misses the Net.
15:37 of 2nd period - Snap shot by Dakota Joshua.
15:37 of 2nd period - Shot Misses the Net.
15:46 of 2nd period - Minor Penalty to Evander Kane for High sticking.
15:47 of 2nd period - Ryan Poehling wins face-off versus Robert Thomas in Quebec Nordiques zone.
16:32 of 2nd period - Wrist shot by Eetu Luostarinen.
16:32 of 2nd period - Stopped by Connor Hellebuyck without a rebound.
16:33 of 2nd period - Robert Thomas wins face-off versus Michael McCarron in St.Louis Blues zone.
16:33 of 2nd period - Robert Thomas is hit by J.J. Moser.
16:43 of 2nd period - Slapshot by J.J. Moser.
16:43 of 2nd period - Stopped by Connor Hellebuyck with a rebound.
17:10 of 2nd period - Wrist shot by Tage Thompson.
17:10 of 2nd period - Shot Blocked by Eetu Luostarinen.
17:29 of 2nd period - Michael McCarron is hit by Elias Pettersson and loses puck.
17:46 of 2nd period - Penalty to Evander Kane is over, Evander Kane is back on ice.
18:02 of 2nd period - Wrist shot by Marco Rossi.
18:02 of 2nd period - Shot Misses the Net.
18:12 of 2nd period - Slapshot by Shane Pinto.
18:12 of 2nd period - Shot Misses the Net.
18:22 of 2nd period - Snap shot by Anthony Duclair.
18:22 of 2nd period - Stopped by Connor Hellebuyck with a rebound.
18:48 of 2nd period - Snap shot by Lars Eller.
18:48 of 2nd period - Stopped by John Gibson with a rebound.
19:05 of 2nd period - Snap shot by Elias Pettersson.
19:05 of 2nd period - Shot Blocked by Trevor Zegras.
19:41 of 2nd period - Elias Lindholm is hit by Jordan Greenway and loses puck.
19:46 of 2nd period - Wrist shot by Ryan Poehling.
19:46 of 2nd period - Stopped by Connor Hellebuyck with a rebound.
19:48 of 2nd period - Slapshot by Justin Holl.
19:48 of 2nd period - Stopped by Connor Hellebuyck without a rebound.
19:49 of 2nd period - Marco Rossi wins face-off versus Lars Eller in St.Louis Blues zone.
19:52 of 2nd period - Wrist shot by Cole Perfetti.
19:52 of 2nd period - Stopped by Connor Hellebuyck without a rebound.
19:53 of 2nd period - Lars Eller wins face-off versus Marco Rossi in St.Louis Blues zone.
Goals for this period are 1 for Quebec Nordiques vs 0 for St.Louis Blues.
Shots for this period are 17 for Quebec Nordiques vs 8 for St.Louis Blues.
3rd period
0:01 of 3rd period - Jack Eichel wins face-off versus Marco Rossi in neutral zone.
0:04 of 3rd period - Trevor Zegras is hit by Elias Pettersson and loses puck.
0:32 of 3rd period - Snap shot by Jake Guentzel.
0:32 of 3rd period - Shot Misses the Net.
0:34 of 3rd period - Snap shot by Robert Thomas.
0:34 of 3rd period - Goal by Robert Thomas - Quebec Nordiques : 1 - St.Louis Blues : 2.
0:35 of 3rd period - Jack Eichel wins face-off versus Shane Pinto in neutral zone.
0:39 of 3rd period - Colton Parayko is hit by Juuso Valimaki and loses puck.
0:42 of 3rd period - Snap shot by Alex Pietrangelo.
0:42 of 3rd period - Shot Blocked by Jonas Siegenthaler.
0:44 of 3rd period - Slapshot by Alex Pietrangelo.
0:44 of 3rd period - Shot Blocked by Jonas Siegenthaler.
0:46 of 3rd period - Wrist shot by Mark Stone.
0:46 of 3rd period - Shot Misses the Net.
0:48 of 3rd period - Snap shot by Elias Pettersson.
0:48 of 3rd period - Shot Misses the Net.
0:50 of 3rd period - Backhand shot by Elias Pettersson.
0:50 of 3rd period - Shot Misses the Net.
1:10 of 3rd period - Wrist shot by Tage Thompson.
1:10 of 3rd period - Shot Misses the Net.
1:12 of 3rd period - Wrist shot by Robert Thomas.
1:12 of 3rd period - Stopped by John Gibson with a rebound.
1:55 of 3rd period - Minor Penalty to Jordan Greenway for High sticking.
1:56 of 3rd period - Elias Pettersson wins face-off versus Ryan Poehling in Quebec Nordiques zone.
2:02 of 3rd period - Snap shot by Robert Thomas.
2:02 of 3rd period - Stopped by John Gibson with a rebound.
2:04 of 3rd period - Slapshot by Claude Giroux.
2:04 of 3rd period - Stopped by John Gibson with a rebound.
2:06 of 3rd period - Slapshot by Claude Giroux.
2:06 of 3rd period - Shot Blocked by Ryan Poehling.
2:08 of 3rd period - Wrist shot by Elias Pettersson.
2:08 of 3rd period - Stopped by John Gibson with a rebound.
2:10 of 3rd period - Wrist shot by Robert Thomas.
2:10 of 3rd period - Stopped by John Gibson with a rebound.
2:12 of 3rd period - Snap shot by Robert Thomas.
2:12 of 3rd period - Stopped by John Gibson without a rebound.
2:13 of 3rd period - Michael McCarron wins face-off versus Robert Thomas in Quebec Nordiques zone.
3:35 of 3rd period - Ryan Poehling is hit by Mark Stone and loses puck.
3:55 of 3rd period - Penalty to Jordan Greenway is over, Jordan Greenway is back on ice.
4:15 of 3rd period - Alex Pietrangelo is hit by Justin Holl and loses puck.
4:26 of 3rd period - Backhand shot by Trevor Zegras.
4:26 of 3rd period - Stopped by Connor Hellebuyck without a rebound.
4:27 of 3rd period - Marco Rossi wins face-off versus Jack Eichel in St.Louis Blues zone.
4:28 of 3rd period - Wrist shot by Cole Perfetti.
4:28 of 3rd period - Stopped by Connor Hellebuyck with a rebound.
4:30 of 3rd period - Slapshot by Juuso Valimaki.
4:30 of 3rd period - Deflect By Jack Eichel.
4:30 of 3rd period - Goal by Juuso Valimaki - Quebec Nordiques : 2 - St.Louis Blues : 2.
4:31 of 3rd period - Jack Eichel wins face-off versus Shane Pinto in neutral zone.
4:38 of 3rd period - Slapshot by Alex Pietrangelo.
4:38 of 3rd period - Stopped by John Gibson without a rebound.
4:39 of 3rd period - Jack Eichel wins face-off versus Anthony Duclair in Quebec Nordiques zone.
5:21 of 3rd period - Slapshot by Elias Pettersson.
5:21 of 3rd period - Shot Blocked by Kirby Dach.
5:37 of 3rd period - Wrist shot by Jack Eichel.
5:37 of 3rd period - Stopped by John Gibson with a rebound.
5:39 of 3rd period - Slapshot by Colton Parayko.
5:39 of 3rd period - Deflect By Elias Pettersson.
5:39 of 3rd period - Shot Blocked by Barrett Hayton.
5:39 of 3rd period - Puck is out of play.
5:40 of 3rd period - Cole Perfetti wins face-off versus Robert Thomas in Quebec Nordiques zone.
6:07 of 3rd period - Evander Kane is hit by Claude Giroux and loses puck.
6:48 of 3rd period - Kirby Dach is hit by Jake Sanderson and loses puck.
7:02 of 3rd period - Alex Pietrangelo is hit by Barrett Hayton.
7:36 of 3rd period - Michael Anderson is hit by Mark Stone and loses puck.
8:01 of 3rd period - Colton Parayko is hit by Justin Holl and loses puck.
8:39 of 3rd period - Jake Sanderson is hit by Jordan Greenway and loses puck.
8:51 of 3rd period - Michael McCarron is hit by Elias Lindholm and loses puck.
9:04 of 3rd period - Slapshot by Juuso Valimaki.
9:04 of 3rd period - Shot Blocked by Nick Leddy.
10:18 of 3rd period - Michael Anderson is hit by Alex Pietrangelo and loses puck.
10:22 of 3rd period - Icing by Michael Anderson.
10:23 of 3rd period - Robert Thomas wins face-off versus Cole Perfetti in Quebec Nordiques zone.
10:30 of 3rd period - Slapshot by Jake Guentzel.
10:30 of 3rd period - Shot Misses the Net.
11:02 of 3rd period - Snap shot by Robert Thomas.
11:02 of 3rd period - Stopped by John Gibson without a rebound.
11:03 of 3rd period - Jack Eichel wins face-off versus Shane Pinto in Quebec Nordiques zone.
11:27 of 3rd period - Icing by Jonas Siegenthaler.
11:28 of 3rd period - Claude Giroux wins face-off versus Shane Pinto in Quebec Nordiques zone.
11:41 of 3rd period - Slapshot by Claude Giroux.
11:41 of 3rd period - Shot Blocked by Jonas Siegenthaler.
11:43 of 3rd period - Slapshot by Jaccob Slavin.
11:43 of 3rd period - Deflect By Elias Lindholm.
11:43 of 3rd period - Stopped by John Gibson without a rebound.
11:44 of 3rd period - Jack Eichel wins face-off versus Barrett Hayton in Quebec Nordiques zone.
11:51 of 3rd period - Slapshot by Elias Pettersson.
11:51 of 3rd period - Goal by Elias Pettersson - Quebec Nordiques : 2 - St.Louis Blues : 3.
11:52 of 3rd period - Jack Eichel wins face-off versus Shane Pinto in neutral zone.
12:08 of 3rd period - Off-side.
12:09 of 3rd period - Robert Thomas wins face-off versus Marco Rossi in neutral zone.
12:38 of 3rd period - Slapshot by J.J. Moser.
12:38 of 3rd period - Stopped by Connor Hellebuyck with a rebound.
12:40 of 3rd period - Snap shot by Michael Anderson.
12:40 of 3rd period - Stopped by Connor Hellebuyck with a rebound.
12:44 of 3rd period - Snap shot by Shane Pinto.
12:44 of 3rd period - Shot Misses the Net.
12:46 of 3rd period - Snap shot by Evander Kane.
12:46 of 3rd period - Stopped by Connor Hellebuyck with a rebound.
12:48 of 3rd period - Slapshot by Shane Pinto.
12:48 of 3rd period - Shot Misses the Net.
12:58 of 3rd period - Jack Eichel is hit by Jordan Greenway and loses puck.
13:23 of 3rd period - Alex Pietrangelo is hit by Justin Holl and loses puck.
13:30 of 3rd period - Snap shot by Barrett Hayton.
13:30 of 3rd period - Stopped by Connor Hellebuyck with a rebound.
13:40 of 3rd period - Juuso Valimaki is hit by Tage Thompson and loses puck.
13:49 of 3rd period - Wrist shot by Jake Guentzel.
13:49 of 3rd period - Stopped by John Gibson without a rebound.
13:50 of 3rd period - Claude Giroux wins face-off versus Shane Pinto in Quebec Nordiques zone.
13:58 of 3rd period - Minor Penalty to Evander Kane for Holding.
13:59 of 3rd period - Ryan Poehling wins face-off versus Robert Thomas in Quebec Nordiques zone.
14:33 of 3rd period - Wrist shot by Jake Guentzel.
14:33 of 3rd period - Goal by Jake Guentzel - Quebec Nordiques : 2 - St.Louis Blues : 4.
14:34 of 3rd period - Shane Pinto wins face-off versus Claude Giroux in neutral zone.
14:37 of 3rd period - Snap shot by Michael Anderson.
14:37 of 3rd period - Shot Misses the Net.
14:39 of 3rd period - Slapshot by Michael Anderson.
14:39 of 3rd period - Stopped by Connor Hellebuyck without a rebound.
14:40 of 3rd period - Claude Giroux wins face-off versus Anthony Duclair in St.Louis Blues zone.
14:40 of 3rd period - Claude Giroux is hit by Shane Pinto.
14:54 of 3rd period - Slapshot by Alex Pietrangelo.
14:54 of 3rd period - Stopped by John Gibson without a rebound.
14:55 of 3rd period - Jack Eichel wins face-off versus Barrett Hayton in Quebec Nordiques zone.
15:02 of 3rd period - Snap shot by Jack Eichel.
15:02 of 3rd period - Stopped by John Gibson with a rebound.
15:26 of 3rd period - Snap shot by Michael McCarron.
15:26 of 3rd period - Stopped by Connor Hellebuyck without a rebound.
15:27 of 3rd period - Claude Giroux wins face-off versus Michael McCarron in St.Louis Blues zone.
15:33 of 3rd period - Wrist shot by Jordan Greenway.
15:33 of 3rd period - Deflect By Ryan Poehling.
15:33 of 3rd period - Shot Blocked by Jaccob Slavin.
15:33 of 3rd period - Puck is out of play.
15:34 of 3rd period - Elias Lindholm wins face-off versus Barrett Hayton in St.Louis Blues zone.
15:44 of 3rd period - Icing by Eetu Luostarinen.
15:45 of 3rd period - Barrett Hayton wins face-off versus Claude Giroux in Quebec Nordiques zone.
16:35 of 3rd period - Snap shot by Barrett Hayton.
16:35 of 3rd period - Shot Misses the Net.
17:05 of 3rd period - Wrist shot by Claude Giroux.
17:05 of 3rd period - Stopped by John Gibson without a rebound.
17:06 of 3rd period - Jack Eichel wins face-off versus Michael McCarron in Quebec Nordiques zone.
17:07 of 3rd period - Snap shot by Mark Stone.
17:07 of 3rd period - Goal by Mark Stone - Quebec Nordiques : 2 - St.Louis Blues : 5.
17:08 of 3rd period - Marco Rossi wins face-off versus Mark Stone in neutral zone.
17:33 of 3rd period - Anthony Duclair is hit by Robert Thomas and loses puck.
17:34 of 3rd period - Anthony Duclair from Quebec Nordiques is injured at 17:34 of 3rd period (Strained Left Elbow).
17:35 of 3rd period - Jack Eichel wins face-off versus Marco Rossi in Quebec Nordiques zone.
18:02 of 3rd period - Shane Pinto is hit by Tage Thompson and loses puck.
19:04 of 3rd period - Icing by Trevor Zegras.
19:05 of 3rd period - Marco Rossi wins face-off versus Lars Eller in Quebec Nordiques zone.
19:05 of 3rd period - Marco Rossi is hit by Dakota Joshua.
19:13 of 3rd period - Wrist shot by Lars Eller.
19:13 of 3rd period - Deflect By Logan O'Connor.
19:13 of 3rd period - Shot Blocked by Marc Staal.
19:13 of 3rd period - Puck is out of play.
19:14 of 3rd period - Jack Eichel wins face-off versus Evander Kane in Quebec Nordiques zone.
19:37 of 3rd period - Minor Penalty to Evander Kane for Holding.
19:38 of 3rd period - Ryan Poehling wins face-off versus Robert Thomas in Quebec Nordiques zone.
Goals for this period are 1 for Quebec Nordiques vs 4 for St.Louis Blues.
Shots for this period are 9 for Quebec Nordiques vs 18 for St.Louis Blues.
Back to the Top